Map: Cyber Forest LE

Players

Harstem - Winner!

  • Race: Protoss Protoss
  • League: Grandmaster
  • Spawn Location: 11:00

Starbuck

  • Race: Zerg Zerg
  • Spawn Location: 5:00

Event: 2019 WCS Winter Europe

VOD

Have the link to the VOD?

Description

Time

  • Played on: Feb. 2, 2019, 12:26 p.m.
  • Length: 8:37

All games in this series

Show
View Real Time Build Order
Export as new Build Order

Harstem Protoss - Winner!

Build Orders: 1 Gate Expand, Phoenix Opening 

Get SALT Encoding   

  12  0:00  Probe  
  13  0:12  Probe  
  14  0:18  Pylon  
  14  0:24  Probe  
  15  0:32  Probe  
  15  0:40  Gateway  
  15  0:41  Probe  
  17  0:51  Assimilator, Probe  
  18  1:03  Probe  
  19  1:15  Probe  
  20  1:23  Nexus  
  20  1:33  Cybernetics Core  
  20  1:36  Probe  
  21  1:41  Assimilator  
  21  1:48  Probe  
  21  1:51  Pylon  
  22  2:00  Probe, Adept  
  23  2:12  Probe  
  26  2:16  Stargate  
  26  2:20  Adept  
  26  2:24  Probe  
  27  2:32  Warp Gate  
  27  2:36  Probe  
  30  2:38  Probe  
  31  2:48  Probe  
  31  2:50  Gateway  
  33  2:54  Adept  
  33  2:55  Phoenix  
  35  3:00  Probe  
  35  3:05  Probe  
  38  3:13  Probe  
  38  3:16  Gateway  
  38  3:18  Probe  
  43  3:27  Probe  
  43  3:30  Probe  
  45  3:36  Twilight Council  
  45  3:39  Probe  
  43  3:42  Pylon, Resonating Glaives  
  43  3:43  Probe  
  44  3:51  Probe  
  45  3:55  Probe  
  45  3:56  Pylon  
  46  4:03  Probe  
  46  4:08  Probe  
  46  4:09  Pylon  
  48  4:10  Assimilator  
  48  4:12  Assimilator  
  48  4:20  Adept x2  
  48  4:21  Adept  
  48  4:23  Probe  
  56  4:25  Robotics Facility  
  56  4:27  Probe  
  56  4:30  Pylon  
  56  4:35  Probe  
  57  4:41  Adept x3  
  57  4:42  Probe  
  64  4:47  Probe  
  65  4:57  Nexus  
  65  5:03  Sentry x2  
  65  5:04  Sentry  
  65  5:06  Pylon  
  71  5:09  Warp Prism  
  73  5:26  Gateway x2  
  73  5:33  Immortal  
  73  5:34  Probe  
  73  5:35  Sentry x2  
  68  5:46  Gateway  
  68  5:49  Gateway  
  66  5:51  Probe  
  66  5:54  Probe  
  66  5:57  Sentry  
  66  5:58  Adept  
  66  5:59  Immortal  
  70  6:05  Pylon, Adept  
  70  6:10  Probe  
  73  6:14  Probe x2  
  79  6:21  Adept  
  79  6:23  Adept  
  83  6:27  Adept  
  83  6:28  Adept  
  83  6:30  Sentry  
  89  6:35  Probe  
  89  6:39  Pylon  
  90  6:41  Adept x2  
  94  6:48  Stalker x2  
  94  6:49  Observer  
  94  6:50  Adept  
  94  6:52  Adept  
  102  6:59  Adept  
  105  7:05  Sentry  
  105  7:06  Adept  
  109  7:15  Adept x4  
  115  7:26  Adept x2  
  117  7:36  Pylon  
  117  7:37  Pylon  
  117  7:38  Probe x2  
  117  7:39  Pylon  
  117  7:40  Forge  
  117  7:45  Probe  
  117  7:47  Adept x3  
  108  7:52  Adept x4  
  108  7:54  Probe  
  108  7:55  Probe  
  106  8:00  Probe  
  105  8:06  Probe  
  106  8:16  Stalker x2  
  106  8:17  Stalker x4  
  108  8:29  Adept  
Show
View Real Time Build Order
Export as new Build Order

Starbuck Zerg 

Build Orders: Hatch First 

Get SALT Encoding   

  12  0:02  Drone  
  13  0:12  Overlord  
  13  0:17  Drone  
  14  0:30  Drone x2  
  14  0:34  Drone  
  17  0:51  Hatchery  
  17  0:55  Drone  
  17  0:57  Drone  
  18  1:04  Extractor  
  17  1:13  Spawning Pool  
  17  1:16  Drone  
  17  1:19  Drone  
  18  1:28  Drone  
  19  1:38  Overlord  
  19  1:49  Drone  
  20  1:59  Queen  
  20  2:00  Zergling x2  
  23  2:03  Queen  
  23  2:04  Drone  
  23  2:07  Metabolic Boost  
  26  2:12  Drone  
  26  2:14  Drone  
  28  2:21  Drone  
  29  2:26  Drone  
  30  2:37  Drone  
  30  2:39  Hatchery  
  30  2:42  Overlord  
  30  2:47  Zergling x4  
  31  2:58  Drone  
  31  3:01  Drone  
  31  3:04  Drone  
  34  3:06  Queen  
  34  3:08  Drone x4  
  40  3:18  Drone x2  
  40  3:19  Overlord  
  42  3:24  Overlord  
  42  3:25  Drone  
  43  3:32  Overlord x2  
  43  3:41  Overlord  
  43  3:42  Queen  
  43  3:46  Queen  
  47  3:50  Drone x2  
  47  3:54  Spore Crawler  
  48  4:02  Drone x4  
  52  4:05  Spore Crawler  
  52  4:07  Queen  
  53  4:13  Baneling Nest  
  53  4:15  Drone x3  
  55  4:20  Drone  
  55  4:21  Spore Crawler  
  55  4:26  Drone x4  
  55  4:28  Drone  
  55  4:30  Drone  
  61  4:33  Overlord  
  61  4:37  Zergling x2  
  61  4:38  Zergling x4  
  64  4:40  Zergling x2  
  64  4:43  Zergling x4  
  64  4:44  Zergling x2  
  67  4:47  Lair  
  67  4:52  Zergling x6  
  70  4:58  Baneling x4  
  70  4:59  Baneling x2  
  70  5:01  Baneling  
  70  5:03  Zergling x10  
  75  5:11  Zergling x14  
  80  5:26  Drone  
  80  5:34  Drone x8  
  83  5:36  Extractor  
  83  5:37  Extractor  
  83  5:38  Extractor  
  83  5:42  Drone x7  
  83  5:45  Extractor x2  
  83  5:47  Hydralisk Den  
  78  5:51  Drone x2  
  78  5:54  Spore Crawler  
  80  5:58  Overlord  
  80  6:00  Drone x2  
  80  6:03  Overlord  
  82  6:07  Drone  
  82  6:08  Drone x2  
  82  6:09  Overlord, Hatchery  
  82  6:11  Centrifical Hooks  
  84  6:22  Drone  
  85  6:30  Grooved Spines, Drone x3  
  87  6:32  Evolution Chamber  
  87  6:33  Drone  
  87  6:35  Hatchery  
  87  6:39  Hydralisk x3  
  88  6:44  Hydralisk x2  
  95  6:48  Hydralisk, Pneumatized Carapace  
  95  6:49  Hydralisk  
  95  6:52  Hydralisk x2, Zergling x2  
  95  6:53  Zergling x4  
  107  6:57  Baneling x3  
  107  7:01  Baneling x2  
  107  7:02  Baneling  
  107  7:04  Zergling x10  
  107  7:08  Baneling x4  
  112  7:12  Zergling x6  
  105  7:24  Baneling  
  105  7:25  Baneling x3, Zergling x12  
  105  7:26  Zergling x2  
  105  7:28  Hydralisk  
  96  7:38  Hydralisk x2  
  96  7:39  Zergling x10  
  95  7:47  Hydralisk x2  
  82  7:51  Hydralisk  
  82  7:57  Hydralisk  
  77  8:04  Hydralisk x3  
  69  8:06  Baneling x5  
  69  8:07  Hydralisk  
  70  8:13  Hydralisk  
  70  8:18  Zergling x2  
Tags
 
Add a new tag
Caveats
  • Supply blocks, unpowered buildings, or Contaminate may cause inaccurate times.
  • Supply counts are checked every 10 seconds.